 Dungeon Crawl Stone Soup version bcrawl-1.27.8b (webtiles) character file.

Game seed: 14451308091614484490

138619 LostNumber the Ducker (level 5, -1/36 HPs)
             Began as a Fairy Fighter on Nov 6, 2020.
             Was an Initiate of Gozag.
             Slain by an orc priest
             ... wielding a +0 mace
              (10 damage)
             ... on level 3 of the Dungeon.
             The game lasted 00:03:38 (2354 turns).

LostNumber the Ducker (Fairy Fighter)               Turns: 2354, Time: 00:03:38

Health: -1/36      AC:  5    Str: 14    XL:     5   Next: 17%
Magic:  7/7        EV: 12    Int: 11    God:    Gozag
Gold:   312        SH: 15    Dex: 13    Spells: 4/4 levels left

rFire    . . .     SeeInvis .   d - +1 falchion (holy)
rCold    . . .     Gourm    .   b - +0 medium shield
rNeg     . . .     Faith    .   (armour unavailable)
rPois    .         Spirit   .   (no helmet)
rElec    .         Reflect  .   j - +0 cloak
rCorr    .         Harm     .   (no gloves)
MR       .....                  (no boots)
Stlth    ..........             (no amulet)
HPRegen  0.12/turn              (no ring)
MPRegen  0.10/turn              (no ring)

@: flying evasively
A: small, magic attunement, unstealthy, unfitting armour, able to fly, AC/SH +4
a: Stop Flying, Potion Petition, Call Merchant, Bribe Branch, Renounce Religion


You were on level 3 of the Dungeon.
You worshipped Gozag.
Gozag was aware of your devotion.
You were very hungry.

You visited 1 branch of the dungeon, and saw 3 of its levels.

You collected 371 gold pieces.
You paid 59 gold pieces to Gozag.

Inventory:

Hand Weapons
 a - a +0 long sword
 d - a +1 falchion of holy wrath (weapon)
   (You took it off a kobold on level 2 of the Dungeon)
Armour
 b - a +0 medium shield (worn)
 j - a +0 cloak (worn)
   (You found it on level 2 of the Dungeon)
Jewellery
 l - a +5 amulet of reflection {unknown}
   (You found it on level 2 of the Dungeon)
Scrolls
 h - a scroll of fog {unknown}
 i - a scroll of remove curse {unknown}
 k - a scroll of immolation {unknown}
Potions
 c - a potion of might
 f - a potion of heal wounds {unknown}
 g - a potion of brilliance {unknown}
Comestibles
 e - 8 rations {!d!d}


   Skills:
 + Level 3.3 Fighting
 * Level 2.9 Long Blades
 + Level 4.9 Dodging
 + Level 4.4 Shields


You had 4 spell levels left.
You didn't know any spells.
Your spell library was empty.

Dungeon Overview and Level Annotations

Branches:
Dungeon (3/12)

Altars:
Gozag
Trog

Shops:
D:2 *


Innate Abilities, Weirdness & Mutations

Your spells do not cause hunger and MP costs are reduced by 1.
Your bright wings attract enemies. (Stealth-)
You cannot fit into any form of body armour.
Your shimmering scales are hard and can block incoming attacks. (AC +4, SH +4)
You are small and have problems with some larger weapons.
You can fly continuously.


Message History

You hit the orc. You block the orc's attack.
You closely miss the orc. You block the orc's attack.
The orc hits you from afar with a +0 trident.
Your shield prevents you from hitting the orc.
You block the orc's attack.
The orc priest calls upon Beogh to heal the orc.
The orc is healed somewhat.
You hit the orc. You block the orc's attack.
You hit the orc.
You kill the orc!
The orc priest mumbles some strange prayers to Beogh against you.
Pain shoots through your body! You block the orc's attack.
You see here 4 gold pieces.
You hit the orc priest. You block the orc priest's attack. The orc misses you.
You hit the orc priest.
The orc priest invokes the aid of Beogh against you.
You struggle to resist.
Something hits you but does no damage. The orc closely misses you.
You block something's attack.
You hit the orc priest but do no damage.
The orc hits you from afar with a +0 trident!
* * * LOW HITPOINT WARNING * * *
The orc priest invokes the aid of Beogh against you.
Pain shoots through your body!
* * * LOW HITPOINT WARNING * * *
You hear some strange, mumbled words.
A magic dart appears from out of thin air!
The magic dart hits you.
* * * LOW HITPOINT WARNING * * *
You block the orc's attack.
You hit the orc priest.
You hear some strange, mumbled words.
Something tries to affect you, but you resist.
The orc priest misses you. You block the orc's attack.
Unknown command.
You are feeling very hungry.
You hit the orc priest. Something hits you but does no damage.
The orc priest hits you but does no damage.
You block the orc's attack. Something hits you but does no damage.
You hit the orc priest but do no damage.
The orc priest hits you but does no damage.
The orc misses you. Something hits you but does no damage.
You hit the orc priest. You block the orc's attack.
The orc priest hits you with a +0 mace!
You die...
Your body crumbles into a pile of gold.

#.......# ##
##..)....#.... .#
#........#....
^###........#...
..##..).....#...
#.##.#[#######.#
..#^......## #.#
#.....)....###.######...
.........)......@{o.....
#............#.##o..#...
#..............# .......
##.........###..........
..........## ..##...####
.#........# ..$ ...#
.##........ ..###...#
.......#...... ...#
.......##.#.


You could see an orc priest and an orc.

Vanquished Creatures
  A crimson imp (D:2)
  An adder skeleton (D:3)
  5 worms
  3 dart slugs
  5 leopard geckos
  8 orcs
  3 bats
  A giant cockroach (D:1)
  5 goblins
  4 hobgoblins
  3 jackals (D:2)
  6 kobolds
  4 quokkas
  12 rats
61 creatures vanquished.

Notes
Turn   | Place    | Note
-------+----------+-------------------------------------------
     0 | D:1      | LostNumber the Fairy Fighter began the quest for the Orb.
     0 | D:1      | Reached XP level 1. HP: 15/15 MP: 3/3
   105 | D:1      | Reached XP level 2. HP: 12/20 MP: 4/4
   568 | D:1      | Reached XP level 3. HP: 20/25 MP: 5/5
  1404 | D:2      | Found a bloodstained altar of Trog.
  1638 | D:2      | Found an opulent altar of Gozag.
  1640 | D:2      | Found Gozag's Platinum Reserve.
  1654 | D:2      | Became a worshipper of Gozag Ym Sagoz the Greedy
  1667 | D:2      | Found a faded altar of an unknown god.
  1719 | D:2      | Reached XP level 4. HP: 16/31 MP: 6/6
  2268 | D:3      | Reached XP level 5. HP: 36/36 MP: 7/7
  2354 | D:3      | Slain by an orc priest

Skill      XL: |  1  2  3 |
---------------+----------+-----
Long Blades    | 2 |  2.9
Shields        | 4 |  4.4
Fighting       | 3 |  3.3
Dodging        | |  4.9

Action                   |  1- 3 |  4- 6 || total
-------------------------+-------+-------++-------
Melee: Long sword        |    97 |       ||    97
       Falchion          |    86 |   106 ||   192
  Eat: Chunk             |     8 |     1 ||     9
       Ration            |       |     1 ||     1
Armor: Skin              |    24 |    17 ||    41
Dodge: Dodged            |    70 |    29 ||    99
Block: Medium shield     |   139 |    68 ||   207
